 Dungeon Crawl Stone Soup version 0.30-a0-7-g94fe547ab8 (webtiles) character file.

Game seed: 10693567443047098826

40 Nedwor the Cutter (level 3, -1/28 HPs)
             Began as a Demonspawn Gladiator on Aug 23, 2022.
             Slain by a gnoll
             ... wielding a +0 halberd
              (11 damage)
             ... on level 2 of the Dungeon.
             The game lasted 00:03:05 (1184 turns).

Nedwor the Cutter (Demonspawn Gladiator)            Turns: 1184, Time: 00:03:06

Health: -1/28      AC:  7    Str: 16    XL:     3   Next: 30%
Magic:  3/3        EV: 11    Int:  9    God:
Gold:   40         SH:  5    Dex: 14    Spells: 2/2 levels left

rFire   . . .      SeeInvis .    a - +0 rapier
rCold   . . .      Faith    .    (no shield)
rNeg    . . .      Spirit   .    m - +0 ring mail
rPois   .          Reflect  +    c - +0 helmet
rElec   .          Harm     .    (no cloak)
rCorr   .          Rampage  .    (no gloves)
Will    .....                    f - +0 pair of boots
Stlth   +.........               d - amulet of reflection
HPRegen 0.09/turn                i - ring of flight
MPRegen 0.08/turn                (no ring)

@: flying
A: weakness stinger 1
a: no special abilities


You were on level 2 of the Dungeon.
You visited 1 branch of the dungeon, and saw 2 of its levels.

You collected 40 gold pieces.

Inventory:

Hand Weapons
 a - a +0 rapier (weapon)
Armour
 c - a +0 helmet (worn)
 f - a +0 pair of boots (worn)
 m - a +0 ring mail (worn)
Jewellery
 d - an amulet of reflection (around neck)
 e - an amulet of faith
 i - a ring of flight (left hand)
 l - a ring of wizardry
Scrolls
 g - 2 scrolls of teleportation {unknown}
 h - a scroll of fog {unknown}
 k - a scroll of acquirement {unknown}
Potions
 b - a potion of haste {unknown}
 j - 2 potions of lignification {unknown}


   Skills:
 + Level 2.4 Fighting
 * Level 3.3 Short Blades
 - Level 1.7 Throwing
 + Level 1.0 Armour
 + Level 3.0 Dodging


You had 2 spell levels left.
You didn't know any spells.
Your spell library was empty.

Dungeon Overview and Level Annotations

Branches:
Dungeon (2/15)

Altars:


Innate Abilities, Weirdness & Mutations

You have a small tail.


Message History

The gnoll hits you but does no damage.
You hit the gnoll.
The gnoll is heavily wounded.
You hit the gnoll.
The gnoll is heavily wounded.
You barely miss the gnoll.
The gnoll is heavily wounded.
The gnoll hits you with a +0 club!
You closely miss the gnoll.
Your tail-slap misses the gnoll.
The gnoll is heavily wounded.
The gnoll barely misses you.
You hit the gnoll.
Your tail-slap misses the gnoll.
The gnoll is heavily wounded.
You block the gnoll's attack.
You barely miss the gnoll.
The gnoll is heavily wounded.
The gnoll closely misses you.
You hit the gnoll.
You kill the gnoll!
Your Dodging skill increases to level 3!
You have reached level 3!
Your experience leads to an increase in your attributes!
Increase (S)trength, (I)ntelligence, or (D)exterity?
You feel stronger. x2
You barely miss the gnoll.
The gnoll is heavily wounded.
You block the gnoll's attack. The gnoll barely misses you.
You hit the gnoll.
The gnoll is severely wounded.
The gnoll barely misses you. x2
You closely miss the gnoll.
The gnoll is severely wounded.
The gnoll barely misses you. The gnoll closely misses you.
You hit the gnoll.
You kill the gnoll!
The gnoll barely misses you.
Your Armour skill increases to level 1!
The gnoll hits you with a +0 spear.
The gnoll hits you from afar with a +0 halberd!
You die...

## ..# #.# #.##
...# # #..#
###.#S###..###.#
.....gg@>......#
#########..#####
..######..#
#.......).########
..######..........
#..######## #..#
#..#########..
#.............


You could see 2 gnolls and a ball python.

Vanquished Creatures
  2 gnolls (D:2)
  6 bats (D:1)
  3 endoplasms (D:1)
  A giant cockroach (D:1)
  4 kobolds (D:1)
  A frilled lizard (D:1)
  6 rats (D:1)
23 creatures vanquished.

Notes
Turn   | Place    | Note
-------+----------+-------------------------------------------
     0 | D:1      | Nedwor the Demonspawn Gladiator began the quest for the
                  | Orb.
     0 | D:1      | Reached XP level 1. HP: 16/16 MP: 1/1
   496 | D:1      | Discovered your monstrous ancestry.
   496 | D:1      | Gained mutation: You have a small tail. [demonic ancestry]
   496 | D:1      | Reached XP level 2. HP: 22/22 MP: 2/2
  1180 | D:2      | Reached XP level 3. HP: 14/28 MP: 3/3
  1184 | D:2      | Reached skill level 1 in Armour
  1184 | D:2      | Slain by a gnoll

Illustrated notes

Levels and vault maps discovered:
D:1:      matt_arrival_spirals, layout_basic
D:2:      layout_loops_ring

Skill      XL: |  1  2  3 |
---------------+----------+-----
Short Blades   | 3 |  3.3
Dodging        | 3 |  3.0
Armour         | 1 |  1.0
Fighting       | |  2.4
Throwing       | |  1.7

Action                   || total
-------------------------++-------
Melee: Rapier            ||    62
       Tailslap          ||     4
 Stab: Sleeping          ||     1
Armor: Leather armour    ||    18
       Ring mail         ||     1
Dodge: Dodged            ||    35
Block: Other             ||    17
       Reflection        ||     1

Table legend: (Time is in decaauts)
 A = Elapsed time spent in this place.
 B = Non-inter-level travel time spent in this place.
 C = Inter-level travel time spent in this place.
 D = Time resting spent in this place.
 E = Time spent auto-exploring this place.
 F = Levels seen in this place.
 G = Mean time per level.
                   A        B        C        D        E       F      G
               +--------+--------+--------+--------+--------+-----+--------+
         Total |   1187 |   1156 |     31 |    170 |    783 |   2 |  593.5 |
       Dungeon |   1187 |   1156 |     31 |    170 |    783 |   2 |  593.5 |
               +--------+--------+--------+--------+--------+-----+--------+

Top non-repeatable levels by time:
     D:1: 1145 daAuts
     D:2: 41 daAuts
